[Event "Titled Tuesday Blitz August 15 Late 2023"]
[White "Womacka, Mathias"]
[Black "Gerbelli Neto, Eduardo"]
[WhiteFideId "4611390"]
[BlackFideId "2103281"]
[WhiteElo "2456"]
[BlackElo "2333"]
[Result "1-0"]
[Round "9"]
[TimeControl "180+1"]
[Date "2023.08.15"]
[WhiteClock "0:00:06"]
[BlackClock "0:00:01"]
[Board "87"]

1. e4 e5 2. Nf3 Nc6 3. Bb5 a6 4. Bxc6 dxc6 5. O-O Bg4 6. h3 Bh5 7. g4 Bg6 8. Nxe5 Qh4 9. Qf3 Bd6 10. Nxg6 hxg6 11. Kg2 Ne7 12. d4 f6 13. Be3 g5 14. Nd2 Ng6 15. Rh1 Nf4+ 16. Bxf4 Bxf4 17. Qd3 O-O-O 18. Nf3 Qh7 19. Rad1 Rhe8 20. e5 Qxd3 21. Rxd3 fxe5 22. dxe5 Rxd3 23. cxd3 c5 24. Re1 Kd7 25. Re4 Bc1 26. b3 Ke6 27. Rc4 Ba3 28. d4 cxd4 29. Nxd4+ Kxe5 30. Nf3+ Kd6 31. Nxg5 c5 32. Ne4+ Kc6 33. Kf3 b5 34. Rc2 Rf8+ 35. Ke2 Bb4 36. f3 Kd5 37. h4 a5 38. h5 a4 39. bxa4 bxa4 40. Nc3+ Bxc3 41. Rxc3 Rb8 42. Rd3+ Kc4 43. Rd7 Rb2+ 44. Ke3 Rxa2 45. Rxg7 a3 46. Ra7 Ra1 47. h6 a2 48. Kf4 Kb3 49. g5 Rf1 50. h7 c4 51. g6 1-0


[Site "https://www.chess.com"]

[Event "Titled Tuesday Blitz August 15 Late 2023"]
[White "Buchenau, Frank"]
[Black "Okike, David"]
[WhiteFideId "4604350"]
[BlackFideId "8500134"]
[WhiteElo "2430"]
[BlackElo "2323"]
[Result "1-0"]
[Round "9"]
[TimeControl "180+1"]
[Date "2023.08.15"]
[WhiteClock "0:01:21"]
[BlackClock "0:02:12"]
[Board "88"]

1. e4 c5 2. Nf3 Nc6 3. Bb5 g6 4. Bxc6 bxc6 5. O-O Bg7 6. Re1 d6 7. c3 Nh6 8. d4 cxd4 9. cxd4 O-O 10. h3 Qb6 11. Nc3 f5 12. e5 Nf7 13. b3 h6 14. h4 Kh7 15. Be3 Qa6 16. exd6 exd6 17. Rc1 Bd7 18. Qd2 Rae8 19. d5 c5 20. Ne2 Ne5 21. Nxe5 Rxe5 22. Bf4 Re4 23. Nc3 Rxe1+ 24. Rxe1 Re8 25. Rxe8 Bxe8 26. Qe2 Bf7 27. Qxa6 1-0


[Site "https://www.chess.com"]

[Event "Titled Tuesday Blitz August 15 Late 2023"]
[White "Szente Varga, Fruzsina"]
[Black "Rego, Pedro Filipe"]
[WhiteFideId "712264"]
[BlackFideId "1904310"]
[WhiteElo "2318"]
[BlackElo "2420"]
[Result "0-1"]
[Round "9"]
[TimeControl "180+1"]
[Date "2023.08.15"]
[WhiteClock "0:00:00"]
[BlackClock "0:00:12"]
[Board "89"]

1. e4 c5 2. Nf3 d6 3. d4 cxd4 4. Qxd4 Nc6 5. Bb5 Bd7 6. Qd3 Nf6 7. c4 a6 8. Bxc6 Bxc6 9. Nc3 e6 10. O-O Be7 11. Rd1 Qc7 12. Bf4 Rd8 13. Nd4 e5 14. Nxc6 bxc6 15. Be3 Rb8 16. b3 Ng4 17. Bd2 h5 18. h3 Nf6 19. Ne2 h4 20. a4 Nd7 21. a5 Nc5 22. Qe3 Rxb3 23. Bc3 Ne6 24. Rab1 Qb7 25. Qd3 Nc5 26. Qc2 O-O 27. f4 f6 28. Be1 Rb8 29. Rxb3 Qxb3 30. Qc1 Nxe4 31. Bxh4 Nc5 32. fxe5 dxe5 33. Bf2 Nd3 34. Qd2 Rd8 35. Nd4 exd4 36. Qxd3 Qxd3 37. Rxd3 c5 38. Bg3 Bd6 39. Bf2 Rb8 40. Kf1 Rb4 41. Ke2 Rxc4 42. Rb3 Rc2+ 43. Kf3 Be5 44. Rb8+ Kf7 45. Rb7+ Kg6 46. Rb6 c4 47. Rxa6 d3 48. Rc6 d2 49. Ke2 c3 50. Be3 Ra2 51. a6 Ra1 52. Bxd2 cxd2 53. Kxd2 Ra2+ 54. Kd3 Kf5 55. g4+ Kf4 56. Rb6 g5 57. Rb4+ Kg3 58. Rb6 Kxh3 59. Ke4 Kxg4 0-1


[Site "https://www.chess.com"]

[Event "Titled Tuesday Blitz August 15 Late 2023"]
[White "petr577"]
[Black "Cooklev, Steven"]
[BlackFideId "2050552"]
[WhiteElo "2368"]
[BlackElo "2418"]
[Result "1-0"]
[Round "9"]
[TimeControl "180+1"]
[Date "2023.08.15"]
[WhiteClock "0:00:41"]
[BlackClock "0:00:00"]
[Board "90"]

1. e4 c5 2. d4 cxd4 3. Nf3 Nc6 4. Nxd4 e5 5. Nb5 d6 6. c4 Be6 7. N5c3 g6 8. Nd5 Bg7 9. Nbc3 Nf6 10. Bg5 h6 11. Bxf6 Bxf6 12. Be2 Bg7 13. O-O O-O 14. Qd2 Rc8 15. Rac1 Nd4 16. b3 a6 17. Rfe1 f5 18. exf5 gxf5 19. f4 e4 20. Ne3 Qa5 21. Red1 Kh8 22. Bf1 Bf7 23. Nxe4 Qb6 24. Nf2 Bh5 25. Re1 Rg8 26. Kh1 Nf3 27. gxf3 Bxf3+ 28. Bg2 Qc6 29. Rg1 Bxg2+ 30. Rxg2 Bf6 31. Rg1 h5 32. Nd5 Rxg2 33. Rxg2 1-0


[Site "https://www.chess.com"]

[Event "Titled Tuesday Blitz August 15 Late 2023"]
[White "Kula, Robert"]
[Black "The_Straightforward_Rook"]
[WhiteFideId "1101218"]
[WhiteElo "2276"]
[BlackElo "2413"]
[Result "1-0"]
[Round "9"]
[TimeControl "180+1"]
[Date "2023.08.15"]
[WhiteClock "0:01:24"]
[BlackClock "0:00:51"]
[Board "91"]

1. d4 Nf6 2. c4 c5 3. d5 b5 4. cxb5 a6 5. bxa6 g6 6. Nc3 Bxa6 7. e4 Bxf1 8. Kxf1 d6 9. g3 Bg7 10. Kg2 Nbd7 11. h3 O-O 12. Nf3 Qa5 13. Re1 Rfb8 14. Qc2 Ne8 15. Bd2 Qa6 16. Rac1 Nc7 17. a3 Nb5 18. Nxb5 Qxb5 19. Bc3 Bxc3 20. bxc3 Rxa3 21. e5 Qb3 22. Qd3 Ra2 23. e6 fxe6 24. Rxe6 Qb2 25. Qe3 Rf8 26. Rf1 Qe2 27. Qxe2 Rxe2 28. Rxe2 1-0


[Site "https://www.chess.com"]

[Event "Titled Tuesday Blitz August 15 Late 2023"]
[White "financieru"]
[Black "Saucey, Michel"]
[BlackFideId "601845"]
[WhiteElo "2410"]
[BlackElo "2273"]
[Result "1-0"]
[Round "9"]
[TimeControl "180+1"]
[Date "2023.08.15"]
[WhiteClock "0:00:12"]
[BlackClock "0:00:00"]
[Board "92"]

1. d4 d5 2. c4 e6 3. Nf3 Nf6 4. Nc3 Bb4 5. Bg5 h6 6. Bh4 dxc4 7. e3 b5 8. Be2 Bb7 9. O-O a6 10. a4 Nbd7 11. Qc2 c6 12. Rad1 Qb6 13. e4 g5 14. Bg3 Nh5 15. Be5 f6 16. Bg3 O-O-O 17. b3 cxb3 18. Qxb3 Qa5 19. axb5 Nxg3 20. hxg3 Qa3 21. Qxa3 Bxa3 22. bxc6 Bxc6 23. Bxa6+ Kc7 24. Bc4 Rhe8 25. d5 Nb6 26. Bb3 exd5 27. Nxd5+ Bxd5 28. Bxd5 Nxd5 29. exd5 Bc5 30. g4 Kd6 31. Kh2 Re4 32. Kg3 Rb8 33. Rd2 Rbb4 34. Nh2 Rbd4 35. Rfd1 Rxd2 36. Rxd2 Rd4 37. Rxd4 Bxd4 38. f3 Kxd5 39. Nf1 Ke5 40. Nd2 Be3 41. Ne4 Bf4+ 42. Kf2 f5 43. gxf5 Kxf5 44. g4+ Kg6 45. Ke2 Be5 46. Kd3 Bf4 47. Kd4 h5 48. gxh5+ Kxh5 49. Nf6+ Kh4 50. Ng4 Kg3 51. Ke4 Kg2 52. Nf6 Kg3 53. Nd5 Bc1 54. Nf6 Bf4 55. Nh5+ Kh4 56. Nxf4 gxf4 57. Kxf4 Kh5 58. Kf5 1-0


[Site "https://www.chess.com"]

[Event "Titled Tuesday Blitz August 15 Late 2023"]
[White "Wafa, Shrook"]
[Black "De Souza, Cristiano Gomes"]
[WhiteFideId "10609970"]
[BlackFideId "2151758"]
[WhiteElo "2407"]
[BlackElo "2263"]
[Result "1-0"]
[Round "9"]
[TimeControl "180+1"]
[Date "2023.08.15"]
[WhiteClock "0:00:21"]
[BlackClock "0:00:00"]
[Board "93"]

1. e4 c5 2. Nf3 d6 3. d4 cxd4 4. Nxd4 Nf6 5. Bd3 g6 6. O-O Bg7 7. c4 O-O 8. Nc3 Nc6 9. Nxc6 bxc6 10. h3 Be6 11. Be3 Nd7 12. Rc1 Ne5 13. Be2 Bxc4 14. Bd4 Bxe2 15. Qxe2 c5 16. Be3 Nc6 17. Rfd1 Nd4 18. Bxd4 Bxd4 19. Nb5 Bg7 20. Rxc5 Qb6 21. Rc2 Rfc8 22. Rdc1 Rxc2 23. Rxc2 Rb8 24. Na3 h6 25. Nc4 Qa6 26. b3 Rc8 27. Qd2 Rc5 28. Ne3 Rxc2 29. Qxc2 e6 30. Qc7 Qxa2 31. Qxd6 Qxb3 32. Qd8+ Kh7 33. Qd7 f5 34. exf5 exf5 35. Qxa7 f4 36. Ng4 Qe6 37. Qc7 h5 38. Nh2 g5 39. Nf3 Kg6 40. Qc2+ Qf5 41. Qc6+ Bf6 42. Qe8+ Kh6 43. Qf8+ Kg6 44. Qb8 g4 45. Qg8+ Kh6 46. Qf8+ Kg6 47. hxg4 hxg4 48. Nh2 Bg5 49. Qe8+ Kh6 50. Qh8+ Kg6 51. Qa1 f3 52. Qa6+ Kh5 53. gxf3 gxf3 54. Qc6 Qf4 55. Qxf3+ Qxf3 56. Nxf3 Bf4 57. Nd4 Kg4 58. Kg2 Bb8 59. f3+ Kf4 60. Ne2+ Kf5 61. Kf2 Kg5 62. Ke3 Ba7+ 63. Ke4 Kf6 64. f4 Bb8 65. f5 Bc7 66. Nd4 Bb6 67. Ne6 Ba7 68. Nf4 Bb8 69. Nd5+ Kg5 70. Nb6 1-0


[Site "https://www.chess.com"]

[Event "Titled Tuesday Blitz August 15 Late 2023"]
[White "Alexikov, Alexander"]
[Black "Melikhov, Evgeny V."]
[WhiteFideId "14103958"]
[BlackFideId "4122046"]
[WhiteElo "2230"]
[BlackElo "2405"]
[Result "1-0"]
[Round "9"]
[TimeControl "180+1"]
[Date "2023.08.15"]
[WhiteClock "0:00:33"]
[BlackClock "0:00:10"]
[Board "94"]

1. e4 c5 2. Nf3 d6 3. d4 cxd4 4. Nxd4 Nf6 5. Nc3 a6 6. Be2 e6 7. a4 Nc6 8. Be3 Be7 9. O-O O-O 10. Qe1 Qc7 11. Rd1 Re8 12. Kh1 Rb8 13. f4 b6 14. Qg3 Bf8 15. Nxc6 Qxc6 16. e5 dxe5 17. fxe5 Ne4 18. Qf3 Bb7 19. Qxf7+ Kh8 20. Bf3 Qc4 21. Bxe4 Bxe4 22. Rf4 Rbd8 23. Rdf1 Bc5 24. Rxe4 Qxe4 25. Nxe4 Rf8 26. Bxc5 Rxf7 27. Rxf7 Rd1+ 28. Bg1 Kg8 29. Re7 Rc1 30. c3 Rc2 31. b4 b5 32. a5 h5 33. Rxe6 h4 34. Rxa6 h3 35. gxh3 Re2 36. Ng5 Kf8 37. Bc5+ Ke8 38. e6 Kd8 39. Bd6 Kc8 40. Rb6 1-0


[Site "https://www.chess.com"]

[Event "Titled Tuesday Blitz August 15 Late 2023"]
[White "Curtis, John"]
[Black "KorolDimitriy75"]
[WhiteFideId "3200256"]
[WhiteElo "2080"]
[BlackElo "2387"]
[Result "0-1"]
[Round "9"]
[TimeControl "180+1"]
[Date "2023.08.15"]
[WhiteClock "0:00:00"]
[BlackClock "0:00:03"]
[Board "95"]

1. e4 c5 2. Nf3 d6 3. d4 cxd4 4. Nxd4 Nf6 5. Nc3 g6 6. Bc4 Bg7 7. Bb3 O-O 8. f3 Nc6 9. Be3 Bd7 10. Qd2 Qa5 11. O-O-O Rfc8 12. Kb1 Ne5 13. Nd5 Qxd2 14. Rxd2 Nxd5 15. Bxd5 Nc4 16. Bxc4 Rxc4 17. b3 Rc3 18. Rd3 Rac8 19. Rxc3 Rxc3 20. Bf2 a6 21. Rd1 f5 22. exf5 gxf5 23. f4 Kf7 24. Nf3 Bc6 25. Ng5+ Kg6 26. Ne6 Bf6 27. Bd4 Bxd4 28. Nxd4 Be4 29. Kb2 Re3 30. Rd2 Re1 31. b4 Kf6 32. Nb3 b6 33. g3 h5 34. a4 h4 35. a5 b5 36. Nd4 h3 37. Re2 Rg1 38. Rf2 Rg2 39. Re2 e5 0-1


[Site "https://www.chess.com"]

[Event "Titled Tuesday Blitz August 15 Late 2023"]
[White "Navyblue1"]
[Black "Shapiro, Daniel"]
[BlackFideId "2001780"]
[WhiteElo "2032"]
[BlackElo "2303"]
[Result "0-1"]
[Round "9"]
[TimeControl "180+1"]
[Date "2023.08.15"]
[WhiteClock "0:00:06"]
[BlackClock "0:00:20"]
[Board "96"]

1. d4 Nf6 2. c4 e6 3. Nc3 Bb4 4. Bd2 d5 5. cxd5 exd5 6. Qc2 c6 7. Nf3 O-O 8. e3 Nbd7 9. Bd3 Bd6 10. h3 Qe7 11. O-O Re8 12. a3 Ne4 13. Bxe4 dxe4 14. Ne1 Bc7 15. g3 Nf6 16. Kg2 h5 17. f4 exf3+ 18. Nxf3 Qd6 19. Ne5 Nd7 20. Ne4 Qd5 21. Kh2 Nxe5 22. dxe5 Qxe5 23. Rg1 Qxe4 24. Qxe4 Rxe4 25. Rae1 Be6 0-1


[Site "https://www.chess.com"]

[Event "Titled Tuesday Blitz August 15 Late 2023"]
[White "MrAnnihilation"]
[Black "UgarteCesar"]
[WhiteElo "2413"]
[BlackElo "2315"]
[Result "1-0"]
[Round "9"]
[TimeControl "180+1"]
[Date "2023.08.15"]
[WhiteClock "0:00:07"]
[BlackClock "0:00:23"]
[Board "97"]

1. e4 c5 2. Nf3 Nc6 3. Bb5 g6 4. Bxc6 dxc6 5. h3 Qc7 6. d3 e5 7. Be3 b6 8. O-O Bg7 9. a3 Nf6 10. b4 Nd7 11. bxc5 Nxc5 12. Bxc5 bxc5 13. Nbd2 Ba6 14. Nb3 c4 15. Nc5 Qa5 16. Nxa6 Qxa6 17. d4 exd4 18. e5 Rd8 19. Qd2 O-O 20. Rfe1 Rfe8 21. Qb4 Qb5 22. Rab1 Qxb4 23. Rxb4 d3 24. Rxc4 d2 25. Rd1 Bxe5 26. Rxd2 Rxd2 27. Nxd2 Rd8 28. Nf1 Rd6 29. g3 Bd4 30. Kg2 c5 31. c3 Bf6 32. Rxc5 Ra6 33. Ne3 Rxa3 34. Nd5 Kg7 35. f4 a5 36. g4 h6 37. Rc6 Bh4 38. Kf3 a4 39. g5 hxg5 40. Kg4 Ra1 41. fxg5 Be1 42. Rc8 Bd2 43. Nf6 Rg1+ 44. Kf3 Bxg5 45. Ne8+ Kh6 46. Nd6 f5 47. Kf2 Rc1 48. Nf7+ Kh5 49. Rh8+ Bh6 50. Rxh6# 1-0


[Site "https://www.chess.com"]

[Event "Titled Tuesday Blitz August 15 Late 2023"]
[White "Tqebuchava, Zurab"]
[Black "Kielinkei"]
[WhiteFideId "13601113"]
[WhiteElo "2179"]
[BlackElo "2390"]
[Result "0-1"]
[Round "9"]
[TimeControl "180+1"]
[Date "2023.08.15"]
[WhiteClock "0:00:00"]
[BlackClock "0:00:24"]
[Board "98"]

1. e4 d6 2. d4 Nf6 3. Nc3 g6 4. g3 Bg7 5. Bg2 O-O 6. Nge2 e5 7. h3 Nc6 8. Be3 exd4 9. Nxd4 Nxd4 10. Bxd4 c6 11. O-O Qc7 12. Qf3 Nd7 13. Bxg7 Kxg7 14. Rad1 Ne5 15. Qe3 Qb6 16. Qxb6 axb6 17. b3 Be6 18. Rxd6 Rfd8 19. Rfd1 Rxd6 20. Rxd6 Kf8 21. f4 Nd7 22. Rd4 b5 23. g4 Nb6 24. f5 Bd7 25. Kf2 Ke7 26. a4 bxa4 27. Nxa4 Nxa4 28. Rxa4 Rxa4 29. bxa4 b6 30. Ke3 c5 31. c3 Bxa4 32. e5 Bd7 33. Kf4 h6 34. Bd5 b5 35. h4 b4 36. f6+ Ke8 37. cxb4 cxb4 38. Ke3 Bxg4 39. Kd4 Be6 40. Be4 g5 41. hxg5 hxg5 42. Kc5 b3 43. Kb4 Kd7 44. Kc3 Kc7 45. Bh7 Kc6 46. Be4+ Kc5 47. Bh7 g4 48. Be4 g3 49. Bf3 Kb5 50. Bg2 Ka4 51. Kb2 Kb4 52. Bf3 Kc4 53. Bg2 Kd4 54. Bc6 Kxe5 55. Be8 Kxf6 0-1


[Site "https://www.chess.com"]

[Event "Titled Tuesday Blitz August 15 Late 2023"]
[White "Fernandez Bustamante, Leancy B."]
[Black "Bryant, Todd"]
[WhiteFideId "3523870"]
[BlackFideId "2031299"]
[WhiteElo "2239"]
[BlackElo "2356"]
[Result "1-0"]
[Round "9"]
[TimeControl "180+1"]
[Date "2023.08.15"]
[WhiteClock "0:00:15"]
[BlackClock "0:00:06"]
[Board "99"]

1. e4 c5 2. Nf3 d6 3. c3 Nf6 4. h3 Nc6 5. Bd3 e5 6. Bc2 g5 7. Nxg5 Rg8 8. d4 cxd4 9. cxd4 Nxd4 10. Bb3 Be6 11. Bxe6 fxe6 12. O-O Rc8 13. Nc3 Bh6 14. Nxe6 Qe7 15. Nxd4 exd4 16. Nd5 Nxd5 17. exd5 Bxc1 18. Rxc1 Rxc1 19. Qxc1 Kd7 20. Qc2 Qg5 21. Qe4 Qe5 22. Qxh7+ Rg7 23. Qh6 Re7 24. Rc1 Qxd5 25. Qf8 Re8 26. Qg7+ Re7 27. Qg4+ Qe6 28. Re1 Qxg4 29. Rxe7+ Kxe7 30. hxg4 Kf6 31. f4 Ke6 32. Kf2 Kd5 33. g5 Ke6 34. g4 d5 35. Ke2 Kd6 36. Kd3 Ke6 37. g6 Kf6 38. f5 Kg7 39. Kxd4 Kf6 40. Kxd5 1-0


[Site "https://www.chess.com"]

[Event "Titled Tuesday Blitz August 15 Late 2023"]
[White "Bogaudinov, Rushan"]
[Black "Vila Dupla, Aurelio"]
[WhiteFideId "4129288"]
[BlackFideId "2203383"]
[WhiteElo "2338"]
[BlackElo "2142"]
[Result "0-1"]
[Round "9"]
[TimeControl "180+1"]
[Date "2023.08.15"]
[WhiteClock "0:00:00"]
[BlackClock "0:00:10"]
[Board "100"]

1. d3 d5 2. c3 Nf6 3. e3 g6 4. h3 Bg7 5. g4 c5 6. Bg2 O-O 7. f4 Nc6 8. g5 Ne8 9. h4 e5 10. Ne2 Bg4 11. Qb3 Bxe2 12. Kxe2 exf4 13. exf4 c4 14. Qxb7 Rc8 15. Na3 cxd3+ 16. Kxd3 d4 17. Bxc6 dxc3+ 18. Kc2 cxb2 19. Bxb2 Bxb2 20. Rad1 Nd6 21. Nc4 Nxb7 22. Rxd8 Nxd8 23. Bd5 Bg7 24. Kb3 Ne6 25. Rf1 Nd4+ 26. Ka4 Rfd8 27. Ne3 Rc3 28. Re1 Rxe3 29. Rxe3 Rxd5 30. Re8+ Bf8 31. Ra8 Rd7 32. h5 Ne2 33. hxg6 hxg6 34. f5 gxf5 35. Re8 Nd4 36. a3 Kg7 37. g6 fxg6 38. Re1 Rf7 39. Ka5 Bc5 40. Rc1 Bb6+ 41. Ka6 f4 42. a4 f3 43. a5 f2 44. axb6 axb6 45. Rf1 Nc2 46. Kb5 Ne3 0-1


[Site "https://www.chess.com"]

[Event "Titled Tuesday Blitz August 15 Late 2023"]
[White "Harish, Neeraj"]
[Black "Ottosen, David"]
[WhiteFideId "30958130"]
[BlackFideId "2603080"]
[WhiteElo "2324"]
[BlackElo "2135"]
[Result "1-0"]
[Round "9"]
[TimeControl "180+1"]
[Date "2023.08.15"]
[WhiteClock "0:01:55"]
[BlackClock "0:00:32"]
[Board "101"]

1. e4 e6 2. d4 d5 3. e5 c5 4. c3 Nc6 5. Nf3 Bd7 6. Bd3 f6 7. exf6 Qxf6 8. O-O Bd6 9. Na3 a6 10. Bg5 Qf7 11. Nc2 Nge7 12. Re1 O-O 13. Qd2 Qh5 14. Ne5 Bxe5 15. dxe5 h6 16. Bf4 Rf7 17. Bg3 Nf5 18. c4 Nxg3 19. hxg3 Nxe5 20. cxd5 Nxd3 21. Qxd3 exd5 22. Ne3 d4 23. Nc4 Bc6 24. Ne5 Rc7 25. Qb3+ Kh7 26. Nxc6 bxc6 27. Qd3+ Qg6 28. Qc4 Qd6 29. Rac1 d3 30. Qxc5 Qxc5 31. Rxc5 Rb8 32. b3 Rb5 33. Rc3 Rd5 34. Rd1 Re7 35. Rcxd3 Rxd3 36. Rxd3 Re2 37. a4 Rb2 38. Rc3 Kg8 39. Rxc6 Rxb3 40. Rxa6 Ra3 41. Ra7 Kh7 42. g4 Kg6 43. f3 Kf6 44. Kh2 g5 45. Ra6+ Ke5 46. Kg3 Ra2 47. Rxh6 Rxa4 48. Rg6 1-0


[Site "https://www.chess.com"]

[Event "Titled Tuesday Blitz August 15 Late 2023"]
[White "ExchangeAB"]
[Black "tomobeast"]
[WhiteElo "2406"]
[BlackElo "2224"]
[Result "1-0"]
[Round "9"]
[TimeControl "180+1"]
[Date "2023.08.15"]
[WhiteClock "0:00:40"]
[BlackClock "0:02:22"]
[Board "102"]

1. d4 d5 2. Nc3 e6 3. Bf4 a6 4. e3 c5 5. Nf3 Nc6 6. Bd3 Nf6 7. dxc5 Bxc5 8. e4 dxe4 9. Nxe4 Nxe4 10. Bxe4 Qxd1+ 11. Rxd1 Bd7 12. O-O f6 13. Bd6 Bxd6 14. Rxd6 O-O-O 15. Bxc6 bxc6 16. Rfd1 Kc7 17. Kf1 e5 18. Ke2 Bg4 19. Rxd8 Rxd8 20. Rxd8 Kxd8 21. Ke3 Be6 22. a3 Kc7 23. Nd2 Kd6 24. c4 a5 25. b4 axb4 26. axb4 g6 27. f4 Bc8 28. Ne4+ Ke7 29. fxe5 fxe5 30. Nc5 Kd6 31. g3 Bg4 32. h4 h6 33. Nd3 Bf5 34. Nf2 Ke6 35. Ne4 Bg4 36. Nc3 Bh3 37. b5 cxb5 38. cxb5 Kd6 39. b6 Kc6 40. Ke4 Kxb6 41. Kxe5 g5 42. h5 Bg4 43. Nd5+ Kb5 44. Nf6 Kc5 45. Nxg4 1-0


[Site "https://www.chess.com"]

[Event "Titled Tuesday Blitz August 15 Late 2023"]
[White "Osmonbekov, Talaibek"]
[Black "Labussiere, Yago"]
[WhiteFideId "2017253"]
[BlackFideId "2186969"]
[WhiteElo "2207"]
[BlackElo "2355"]
[Result "0-1"]
[Round "9"]
[TimeControl "180+1"]
[Date "2023.08.15"]
[WhiteClock "0:00:00"]
[BlackClock "0:01:04"]
[Board "103"]

1. d4 Nf6 2. Nc3 d5 3. Bf4 g6 4. e3 Bg7 5. Nf3 O-O 6. Ne5 c6 7. h4 Nbd7 8. h5 Nxh5 9. Rxh5 gxh5 10. Qxh5 Nxe5 11. Bxe5 f6 12. Bd3 h6 13. Bf4 Qe8 14. Bg6 Qd7 15. f3 e5 16. Bxh6 Bxh6 17. Qxh6 Qg7 18. Qh5 f5 19. dxe5 Be6 20. O-O-O Bf7 21. Bxf7+ Rxf7 22. f4 Qg4 23. Qxg4+ fxg4 24. g3 Rh7 25. e4 dxe4 26. Nxe4 Kf8 27. f5 Rh5 28. Rf1 Rd8 29. b3 Rd5 30. Rf4 Rxe5 31. Rxg4 Rhxf5 32. Kb2 b6 33. Rh4 Rf7 34. a4 Rfe7 35. Nd6 Kg7 36. g4 Rd7 37. Nf5+ Kg6 38. Rh6+ Kg5 39. Rxc6 Kxg4 40. Nh6+ Kg5 41. b4 Rh7 42. Ng8 Rf7 43. Nh6 Re4 44. Nxf7+ Kf5 0-1


[Site "https://www.chess.com"]

[Event "Titled Tuesday Blitz August 15 Late 2023"]
[White "Vifleemskaia, Svetlana"]
[Black "olackza"]
[WhiteFideId "4129490"]
[WhiteElo "2350"]
[BlackElo "2199"]
[Result "1-0"]
[Round "9"]
[TimeControl "180+1"]
[Date "2023.08.15"]
[WhiteClock "0:00:06"]
[BlackClock "0:00:00"]
[Board "104"]

1. d4 d5 2. c4 e6 3. Nc3 Nf6 4. cxd5 exd5 5. Bg5 Be7 6. e3 h6 7. Bh4 O-O 8. Bd3 b6 9. Nf3 Bb7 10. O-O Nbd7 11. Rc1 Rc8 12. Nb5 a6 13. Nc3 Ne4 14. Bxe7 Qxe7 15. Qc2 Ndf6 16. Ne5 c5 17. dxc5 Qxe5 18. cxb6 Nxc3 19. bxc3 Rc6 20. Qb3 Rfc8 21. c4 dxc4 22. Rxc4 Rxc4 23. Bxc4 Ng4 24. Bxf7+ Kh8 25. g3 Qe4 26. f3 Qxe3+ 27. Qxe3 Nxe3 28. Re1 Nf5 29. Be6 Rf8 30. f4 Rf6 31. Bxf5 Rxf5 32. Re7 Bc6 33. a4 Ra5 34. b7 Bxb7 35. Rxb7 Rxa4 36. Kg2 Ra3 37. Kh3 Kh7 38. Kg4 a5 39. h4 Ra2 40. h5 Ra3 41. Ra7 Kg8 42. Kf5 Rxg3 43. Rxa5 Rh3 44. Kg4 Rh1 45. Ra7 Kh7 46. Rb7 Rg1+ 47. Kf5 Rf1 48. Kg4 Rf2 49. f5 Rg2+ 50. Kf3 Rg5 51. Kf4 Rxh5 52. f6 Rg5 53. f7 Rg6 54. f8=Q 1-0


[Site "https://www.chess.com"]

[Event "Titled Tuesday Blitz August 15 Late 2023"]
[White "Beulen, Marcel"]
[Black "Florianovitz, Derlei Alex"]
[WhiteFideId "1001450"]
[BlackFideId "2114178"]
[WhiteElo "2323"]
[BlackElo "2170"]
[Result "1-0"]
[Round "9"]
[TimeControl "180+1"]
[Date "2023.08.15"]
[WhiteClock "0:00:27"]
[BlackClock "0:00:04"]
[Board "105"]

1. e4 e6 2. d4 d5 3. exd5 exd5 4. Nf3 Bd6 5. c4 Bg4 6. h3 Bh5 7. Nc3 Qe7+ 8. Be3 Nf6 9. Be2 c6 10. O-O h6 11. Re1 Bb4 12. Qb3 Bxc3 13. bxc3 O-O 14. Bf4 Bxf3 15. Bxf3 Qd7 16. Rab1 b6 17. cxd5 Nxd5 18. Bg3 Na6 19. c4 Nf6 20. Qa4 Nc7 21. Bxc6 Qd8 22. Bxa8 Nxa8 23. c5 Nd5 24. Bd6 b5 25. Qxa7 Re8 26. Qb7 Nc3 27. Rxe8+ Qxe8 28. Rf1 Ne2+ 29. Kh1 Nxd4 30. Qd5 Nc6 31. Qd3 b4 32. Qd2 Qd7 33. Qe3 Nc7 34. Bxc7 Qxc7 35. Rd1 Kh7 36. Qe4+ g6 37. Qd5 Ne5 38. Qd6 Qc6 39. Qxc6 Nxc6 40. Rd6 Nd4 41. c6 1-0


[Site "https://www.chess.com"]

[Event "Titled Tuesday Blitz August 15 Late 2023"]
[White "Garmendiarov"]
[Black "Quispe Santacruz, Javier"]
[BlackFideId "3800920"]
[WhiteElo "2286"]
[BlackElo "2144"]
[Result "1-0"]
[Round "9"]
[TimeControl "180+1"]
[Date "2023.08.15"]
[WhiteClock "0:01:35"]
[BlackClock "0:00:11"]
[Board "106"]

1. e4 e5 2. Nf3 Nc6 3. Bb5 a6 4. Ba4 Nf6 5. O-O Be7 6. Re1 b5 7. Bb3 d6 8. c3 O-O 9. h3 Nb8 10. d4 Nbd7 11. Nbd2 Bb7 12. a4 c5 13. d5 c4 14. Bc2 Re8 15. b3 cxb3 16. Bxb3 Nc5 17. Bc2 bxa4 18. Ba3 Qc7 19. Bxa4 Nxa4 20. Qxa4 Qxc3 21. Rec1 Qd3 22. Rab1 Rab8 23. Rb3 Qe2 24. Re1 1-0


[Site "https://www.chess.com"]

[Event "Titled Tuesday Blitz August 15 Late 2023"]
[White "rikchessmx"]
[Black "laskakid"]
[WhiteElo "2283"]
[BlackElo "2141"]
[Result "1-0"]
[Round "9"]
[TimeControl "180+1"]
[Date "2023.08.15"]
[WhiteClock "0:01:11"]
[BlackClock "0:00:08"]
[Board "107"]

1. e4 e5 2. Nf3 Nc6 3. Bb5 a6 4. Ba4 Nf6 5. O-O d6 6. d4 b5 7. Bb3 Nxd4 8. Nxd4 exd4 9. a4 Bb7 10. f3 c5 11. c3 c4 12. Ba2 d3 13. b3 Qc7 14. Na3 cxb3 15. Bxb3 Qxc3 16. Bd2 Qd4+ 17. Kh1 b4 18. Nc4 a5 19. Rc1 Nd7 20. Be3 Qf6 21. Qxd3 Be7 22. Bd4 Qh6 23. Be3 Qg6 24. Nd2 O-O 25. f4 Ba6 26. Bc4 Bxc4 27. Nxc4 Nc5 28. Bxc5 dxc5 29. f5 Qh6 30. e5 Rfd8 31. Qf3 Ra6 32. Rcd1 Qc6 33. Qg4 f6 34. e6 Qxa4 35. Rxd8+ Bxd8 36. Qe2 Qb5 37. e7 Bxe7 38. Qxe7 h6 39. Qe8+ Kh7 40. Qxb5 1-0


[Site "https://www.chess.com"]

[Event "Titled Tuesday Blitz August 15 Late 2023"]
[White "Ai, Evan"]
[Black "Verony64"]
[WhiteFideId "2094770"]
[WhiteElo "2261"]
[BlackElo "2130"]
[Result "1-0"]
[Round "9"]
[TimeControl "180+1"]
[Date "2023.08.15"]
[WhiteClock "0:01:02"]
[BlackClock "0:01:29"]
[Board "108"]

1. e4 d6 2. d4 Nd7 3. Nc3 c6 4. f3 e5 5. Nge2 Ngf6 6. Be3 Be7 7. Qd2 Qc7 8. O-O-O b5 9. g4 Bb7 10. Ng3 g6 11. g5 Nh5 12. Nxh5 gxh5 13. Bh3 O-O-O 14. dxe5 dxe5 15. Bxa7 b4 16. Na4 Qa5 17. Bxd7+ Kc7 18. Bb6+ Qxb6 19. Nxb6 Rhg8 20. Kb1 Bxg5 21. Qf2 Be7 22. Bf5 c5 23. Nd5+ Bxd5 24. Rxd5 1-0


[Site "https://www.chess.com"]

[Event "Titled Tuesday Blitz August 15 Late 2023"]
[White "Joubert, Dantelle"]
[Black "LuxLinster"]
[WhiteFideId "14310813"]
[WhiteElo "2066"]
[BlackElo "2250"]
[Result "0-1"]
[Round "9"]
[TimeControl "180+1"]
[Date "2023.08.15"]
[WhiteClock "0:00:35"]
[BlackClock "0:00:44"]
[Board "109"]

1. e4 e5 2. Nf3 Nc6 3. Nc3 Nf6 4. a3 Be7 5. d4 exd4 6. Nxd4 O-O 7. Nxc6 dxc6 8. Bd3 Bg4 9. f3 Be6 10. Be3 Nd7 11. O-O Bc5 12. Qe2 Qg5 13. Bxc5 Qxc5+ 14. Qf2 Rfd8 15. Rfd1 a5 16. Be2 b5 17. Qxc5 Nxc5 18. Kf2 b4 19. Nb1 Rxd1 20. Bxd1 Rd8 21. Be2 b3 22. c3 Na4 23. Ke3 Nxb2 24. Nd2 Na4 25. Rb1 Nxc3 26. Rb2 Nxe2 27. Kxe2 a4 28. Ke3 c5 29. f4 c4 30. Nb1 Rd3+ 31. Ke2 Bg4+ 32. Kf2 c3 0-1


[Site "https://www.chess.com"]